 Dungeon Crawl Stone Soup version 0.28.0-49-g6dfe1f597d (webtiles) character file.

Game seed: 7041553432639960099

51 issech the Cudgeller (level 3, -1/36 HPs)
             Began as a Troll Monk on May 12, 2022.
             Slain by a goblin
             ... wielding a +0 dagger
             ... led by Robin
              (2 damage)
             ... on level 2 of the Dungeon.
             The game lasted 00:02:52 (1168 turns).

issech the Cudgeller (Troll Monk)                   Turns: 1168, Time: 00:02:53

Health: -1/36      AC:  4    Str: 19    XL:     3   Next: 57%
Magic:  2/2        EV: 10    Int:  6    God:
Gold:   88         SH:  0    Dex: 14    Spells: 2/2 levels left

rFire   . . .      SeeInvis .   a - +0 mace
rCold   . . .      Faith    .   (no shield)
rNeg    . . .      Spirit   .   b - +0 robe
rPois   .          Reflect  .   (helmet restricted)
rElec   .          Harm     .   (no cloak)
rCorr   .          Rampage  .   (gloves unavailable)
Will    .....                   (boots unavailable)
Stlth   ++........              (no amulet)
HPRegen 0.92/turn               (no ring)
MPRegen 0.08/turn               (no ring)

@: no status effects
A: large, unfitting armour, claws 3, regeneration 1, shaggy fur 1, tough skin 1
a: no special abilities


You were on level 2 of the Dungeon.
You visited 1 branch of the dungeon, and saw 2 of its levels.

You collected 88 gold pieces.

Inventory:

Hand Weapons
 a - a +0 mace (weapon)
Missiles
 e - 35 stones (quivered)
 f - 9 sling bullets
Armour
 b - a +0 robe (worn)
Magical Staves
 i - a staff of earth
 l - a staff of conjuration
Jewellery
 c - a ring of protection from cold
 g - an amulet of faith
 h - an amulet of the acrobat
Scrolls
 j - a scroll of enchant weapon {unknown}
 k - a scroll of fog {unknown}
Potions
 d - a potion of curing {unknown}


   Skills:
 + Level 2.7 Fighting
 + Level 3.5 Maces & Flails
 + Level 2.8 Dodging
 + Level 1.1 Stealth


You had 2 spell levels left.
You didn't know any spells.
Your spell library contained the following spells:

 Spells                   Type           Power      Damage    Failure   Level
 Beastly Appendage        Tmut           0%         N/A       45%         1
 Wereblood                Tmut           0%         N/A       58%         2
 Spider Form              Tmut/Pois      0%         N/A       83%         3


Dungeon Overview and Level Annotations

Branches:
Dungeon (2/15)

Altars:


Innate Abilities, Weirdness & Mutations

You are too large for most types of armour.
You have claws for hands.
Your natural rate of healing is unusually fast.
You are covered in fur. (AC +1)
You have tough skin. (AC +1)


Message History

You hit Robin but do no damage.
Robin is heavily wounded.
The hobgoblin hits you. The goblin hits you with a +0 dagger.
Robin roars a battlecry!
The goblin goes into a battle-frenzy!
The goblin barely misses you.
The hobgoblin hits you but does no damage.
The goblin hits you with a +0 dagger.
You hit Robin. You claw Robin!
Robin is almost dead.
Robin hits you with a +0 dagger. The goblin closely misses you.
The hobgoblin misses you. The goblin hits you with a +0 dagger.
* * * LOW HITPOINT WARNING * * *
You sock Robin!
You kill Robin!
The goblin hits you but does no damage. The hobgoblin barely misses you.
A goblin comes into view. It is wielding a +0 dagger.
The goblin hits you but does no damage. The hobgoblin completely misses you.
A goblin comes into view. It is wielding a +0 dagger.
The goblin shouts!
You hit the goblin.
The goblin is heavily wounded.
The goblin barely misses you. The hobgoblin closely misses you.
The goblin barely misses you. The hobgoblin closely misses you.
You closely miss the goblin.
The goblin is heavily wounded.
The goblin barely misses you. The hobgoblin hits you.
* * * LOW HITPOINT WARNING * * *
The goblin hits you with a +0 dagger.
* * * LOW HITPOINT WARNING * * *
The hobgoblin closely misses you. The goblin barely misses you.
You barely miss the goblin.
The goblin is heavily wounded.
The hobgoblin hits you.
* * * LOW HITPOINT WARNING * * *
The goblin hits you with a +0 dagger.
* * * LOW HITPOINT WARNING * * *
The hobgoblin closely misses you. The goblin hits you but does no damage.
The hobgoblin barely misses you. The goblin hits you with a +0 dagger.
You die...

...######.#.# #.#
##.#....#.#.# #.#
##.#.##.#.#.# #.#
...#.##.#.#.# #.#
...#...<..#.# #.#
.#.########.# #.#
............# #.#
##.#############g#
...............g@#
##.###.....####gg#
.#.#..)#.#.....ggg
.#.#..##.#
#####g##
.#.#..#)##....


ggg ...##.#.#..#####.. .................. ...#............... ##.#.##########
You could see 2 hobgoblins and 9 goblins.

Vanquished Creatures
  Robin (D:2)
  An adder (D:2)
  4 endoplasms
  3 giant cockroaches (D:1)
  3 goblins
  A hobgoblin (D:1)
  3 quokkas
  2 ball pythons (D:1)
  A bat (D:1)
  A frilled lizard (D:1)
  3 kobolds
  7 rats
30 creatures vanquished.

Notes
Turn   | Place    | Note
-------+----------+-------------------------------------------
     0 | D:1      | issech the Troll Monk began the quest for the Orb.
     0 | D:1      | Reached XP level 1. HP: 22/22 MP: 0/0
   114 | D:1      | Reached skill level 3 in Maces & Flails
   133 | D:1      | Reached XP level 2. HP: 29/29 MP: 1/1
   171 | D:1      | Found a faded altar of an unknown god.
   944 | D:2      | Reached XP level 3. HP: 29/36 MP: 2/2
  1154 | D:2      | Noticed Robin
  1165 | D:2      | Killed Robin
  1168 | D:2      | HP: 1/36 [goblin/+0 dagger[Robin] (5)]
  1168 | D:2      | Slain by a goblin

Illustrated notes

Levels and vault maps discovered:
D:1:      matt_arrival_grand_opening, layout_basic,
          chequers_ecumenical_altar_simple_redux
D:2:      layout_basic, grunt_ministairs_14, minmay_pentomino_s2, uniq_robin,
          uniq_natasha

Skill      XL: |  1 |
---------------+----+-----
Maces & Flails | 3 |  3.5
Fighting       | |  2.7
Dodging        | |  2.8
Stealth        | |  1.1

Action                   || total
-------------------------++-------
Melee: Mace              ||    83
       Punch             ||     1
 Stab: Sleeping          ||     2
Armor: Robe              ||    30
Dodge: Dodged            ||    59
